Map: [ESL] Altitude

Players

Scarlett - Winner!

  • Race: Zerg Zerg
  • Spawn Location: 1:00

Future

  • Race: Terran Terran
  • Spawn Location: 7:00

Event: ESL SC2 Masters 2023 Summer (Regionals)

VOD

Have the link to the VOD?

Description

Time

  • Played on: May 19, 2023, 2:04 p.m.
  • Length: 4:06

All games in this series

Show
View Real Time Build Order
Export as new Build Order

Scarlett Zerg - Winner!

Build Orders: Hatch First 

Get SALT Encoding   

  12  0:00  Drone  
  13  0:12  Overlord  
  13  0:17  Drone  
  14  0:30  Drone x2  
  16  0:48  Hatchery  
  15  0:51  Drone  
  15  0:55  Drone  
  17  0:58  Drone  
  18  1:10  Extractor  
  17  1:13  Spawning Pool  
  17  1:17  Drone  
  17  1:21  Drone  
  18  1:28  Drone  
  19  1:38  Drone  
  20  1:49  Drone  
  21  2:00  Queen x2  
  25  2:03  Drone x2  
  27  2:11  Drone, Overlord  
  28  2:22  Overlord  
  28  2:27  Metabolic Boost  
  28  2:37  Hatchery  
  28  2:40  Drone  
  28  2:43  Drone x3  
  31  2:47  Overlord  
  31  2:53  Drone  
  31  2:56  Queen  
  34  2:58  Drone  
  34  3:04  Zergling x2  
  36  3:13  Zergling x8  
  36  3:15  Overlord  
  40  3:32  Overlord  
  31  3:37  Zergling x6  
  27  3:46  Zergling x6  
Show
View Real Time Build Order
Export as new Build Order

Future Terran 

Build Orders:  

Get SALT Encoding   

  12  0:00  SCV  
  13  0:12  SCV  
  14  0:17  Supply Depot  
  14  0:24  SCV  
  15  0:39  SCV  
  15  0:40  Barracks  
  16  0:55  Barracks  
  16  1:04  Barracks  
  16  1:08  SCV  
  17  1:26  Marine  
  17  1:27  Orbital Command  
  18  1:42  Marine  
  18  1:44  Barracks, Marine  
  20  1:51  Marine  
  21  1:57  Supply Depot  
  21  2:02  Marine  
  21  2:03  Marine  
  23  2:19  Marine  
  23  2:20  Supply Depot  
  23  2:21  Marine  
  25  2:34  Marine  
  26  2:37  Marine  
  26  2:39  Marine  
  28  2:49  Marine  
  29  2:52  Marine  
  29  2:55  Marine  
  29  2:56  Marine  
  32  3:07  Marine  
  32  3:10  Marine  
  34  3:13  Marine  
  34  3:14  Marine  
  36  3:25  Marine  
  37  3:28  Marine  
  32  3:34  Marine  
  32  3:36  Marine  
  21  3:47  Marine  
Tags
 
Add a new tag
Caveats
  • Supply blocks, unpowered buildings, or Contaminate may cause inaccurate times.
  • Supply counts are checked every 10 seconds.